 Dungeon Crawl Stone Soup version 0.26-a0-812-g31a745ddcd (webtiles) character file.

Game seed: 14975946395123450154

36 tilp the Ruffian (level 3, 0/33 HPs)
             Began as an Ogre Transmuter on Dec 1, 2020.
             Slain by an ooze (2 damage)
             ... on level 2 of the Dungeon.
             The game lasted 00:01:48 (1363 turns).

tilp the Ruffian (Ogre Transmuter)                  Turns: 1363, Time: 00:01:49

Health: 0/33       AC:  5    Str: 12    XL:     3   Next: 37%
Magic:  5/6        EV: 10    Int: 15    God:
Gold:   38         SH:  0    Dex:  7    Spells: 5/6 levels left

rFire    . . .     SeeInvis .     - Unarmed
rCold    . . .     Faith    .   (no shield)
rNeg     . . .     Spirit   .   a - +0 robe
rPois    .         Reflect  .   (helmet restricted)
rElec    .         Harm     .   (no cloak)
rCorr    .         Rampage  .   (gloves unavailable)
MR       .....                  (boots unavailable)
Stlth    +.........             (no amulet)
HPRegen  0.11/turn              (no ring)
MPRegen  0.10/turn              (no ring)

@: flying, very slightly contaminated
A: large, unfitting armour, yellow scales 1, clumsy 1, tough skin 1, weak 1,
evolution 1
a: no special abilities


You were on level 2 of the Dungeon.
You visited 1 branch of the dungeon, and saw 2 of its levels.

You collected 38 gold pieces.

Inventory:

Missiles
 f - 64 stones (quivered)
Armour
 a - a +0 robe (worn)
Scrolls
 b - a scroll of enchant weapon {unknown}
 c - a scroll of identify {unknown}
 e - a scroll of magic mapping {unknown}
 h - 2 scrolls of remove curse {unknown}
Potions
 g - a potion of mutation


   Skills:
 - Level 1.3 Fighting
 - Level 1.7 Dodging
 + Level 3.3 Unarmed Combat
 - Level 2.4 Spellcasting
 + Level 2.6 Transmutations


You had 5 spell levels left.
You knew the following spells:

 Your Spells              Type           Power        Failure   Level
a - Beastly Appendage     Tmut           #.....       7%          1

Your spell library contained the following spells:

 Spells                   Type           Power        Failure   Level
 Wereblood                Tmut           #.......     11%         2
 Spider Form              Tmut/Pois      #.........   36%         3
 Ice Form                 Ice/Tmut       #.......     77%         4
 Blade Hands              Tmut           #.........   89%         5


Dungeon Overview and Level Annotations

Branches:
Dungeon (2/15)

Altars:
Nemelex Xobeh

Annotations:
D:2 Robin


Innate Abilities, Weirdness & Mutations

You are too large for most types of armour.
You have tough skin. (AC +1)
You are partially covered in yellow scales. (AC +2)
You are clumsy. (Dex -2)
You are weak. (Str -2)
You evolve.


Message History

It was a potion of flight.
You feel very buoyant.
You fly up into the air.
The goblin no longer looks unusually strong.
The ooze hits you.
* * * LOW HITPOINT WARNING * * *
Unknown command.
Casting: Beastly Appendage (safe; 7% risk of failure)
Confirm with . or Enter, or press ? or * to list all spells.
You miscast Beastly Appendage.
You are very lightly contaminated with residual magic.
Nothing appears to happen.
The ooze closely misses you.
You hit the ooze but do no damage. The ooze barely misses you.
You hit the ooze.
The ooze is heavily wounded.
The ooze misses you.
You hit the ooze.
The ooze is severely wounded.
The ooze hits you.
You die...

#....)...........
####...).........
#.)g..........
#.............
#.............
#.g........... #
#.............
#.#####g............
#..@Jggg............
#######g#+######'###
#...........# #..).
#...###.#.#.########
#...###.#.....).....
#.....#.###.########
####.###.#.##..........
#.............)........
##########.##..####....


You could see Robin, an ooze and 4 goblins.

Vanquished Creatures
  An adder (D:2)
  A leopard gecko (D:1)
  4 bats
  2 giant cockroaches (D:1)
  6 goblins
  4 hobgoblins
  A kobold (D:1)
  3 rats
22 creatures vanquished.

Notes
Turn   | Place    | Note
-------+----------+-------------------------------------------
     0 | D:1      | tilp the Ogre Transmuter began the quest for the Orb.
     0 | D:1      | Reached XP level 1. HP: 19/19 MP: 3/3
   333 | D:1      | Reached skill level 3 in Unarmed Combat
   333 | D:1      | Reached XP level 2. HP: 27/27 MP: 3/5
   463 | D:1      | Found a sparkling altar of Nemelex Xobeh.
   550 | D:1      | You fall into a shaft and drop 1 floor!
   621 | D:1      | Reached XP level 3. HP: 33/33 MP: 4/6
  1335 | D:2      | Noticed Robin
  1357 | D:2      | Gained mutation: You are weak. (Str -2) [potion of
                  | mutation]
  1357 | D:2      | Gained mutation: You are clumsy. (Dex -2) [potion of
                  | mutation]
  1357 | D:2      | Gained mutation: You are partially covered in yellow
                  | scales. (AC +2) [potion of mutation]
  1357 | D:2      | Gained mutation: You evolve. [potion of mutation]
  1363 | D:2      | Slain by an ooze

Illustrated notes

Levels and vault maps discovered:
D:1:      minmay_arrival_split_and_join, layout_basic,
          nemelex_xobeh_ov_fountains_minmay
D:2:      layout_basic, elyvilon_altar_1, uniq_robin

Skill      XL: |  1 |
---------------+----+-----
Transmutations | 2 |  2.6
Unarmed Combat | 3 |  3.3
Fighting       | |  1.3
Dodging        | |  1.7
Spellcasting   | |  2.4

Action                   || total
-------------------------++-------
Melee: Unarmed           ||    62
       Headbutt          ||     8
       Kick              ||    13
 Cast: Beastly Appendage ||    15
  Use: Potion            ||     2
Armor: Robe              ||    23
Dodge: Dodged            ||    42

Table legend: (Time is in decaauts)
 A = Elapsed time spent in this place.
 B = Non-inter-level travel time spent in this place.
 C = Inter-level travel time spent in this place.
 D = Time resting spent in this place.
 E = Time spent auto-exploring this place.
 F = Levels seen in this place.
 G = Mean time per level.
                   A        B        C        D        E       F      G
               +--------+--------+--------+--------+--------+-----+--------+
         Total |   1360 |   1329 |     31 |    125 |   1019 |   2 |  680.0 |
       Dungeon |   1360 |   1329 |     31 |    125 |   1019 |   2 |  680.0 |
               +--------+--------+--------+--------+--------+-----+--------+

Top non-repeatable levels by time:
     D:1: 901 daAuts
     D:2: 459 daAuts
